 Seeded DCSS version 0.32-a0-612-g1c984fe (webtiles) character file.

Game seed: 4771504757520219535 (custom seed)

151 edsrzf the Cutter (level 5, 0/42 HPs)
             Began as a Gnoll Chaos Knight on Mar 4, 2024.
             Was a Plaything of Xom.
             Slain by a gnoll
             ... wielding a +2 flail of protection
              (14 damage)
             ... on level 3 of the Dungeon.
             The game lasted 00:04:22 (1737 turns).

edsrzf the Cutter (Gnoll Chaos Knight)              Turns: 1737, Time: 00:04:22

Health: 0/42       AC:  8    Str: 14    XL:     5   Next: 33%
Magic:  7/7        EV: 12    Int: 11    God:    Xom [....*.]
Gold:   93         SH:  0    Dex: 11    Spells: 7/7 levels left

rFire   . . .        a - +0 short sword (chaos)
rCold   x x .        (no shield)
rNeg    . . .        b - +2 leather armour
rPois   .            (no helmet)
rElec   .            (no cloak)
rCorr   .            (no gloves)
SInv    .            l - +0 pair of boots
Will    .....        (no amulet)
Stlth   +            o - ring of flight
HPRegen 0.27/turn    (no ring)
MPRegen 0.10/turn

%: clarity
@: brilliant, flying
A: fangs 1, strong nose, distributed training, iridescent scales 1, clarity,
deterioration 1, frail 1, cold vulnerability 2
a: Renounce Religion


You were on level 3 of the Dungeon.
You worshipped Xom.
You were a beloved toy of Xom.
You visited 1 branch of the dungeon, and saw 3 of its levels.

You collected 93 gold pieces.

Inventory:

Hand Weapons
 a - a +0 short sword of chaos (weapon)
 u - a +4 flail of chaos
Missiles
 t - 5 atropa-tipped darts (quivered)
Armour
 b - a +2 leather armour (worn)
 l - a +0 pair of boots (worn)
Jewellery
 n - a ring of fire
 o - a ring of flight (left hand)
Scrolls
 c - a scroll of butterflies
 d - a scroll of enchant armour {unknown}
 e - a scroll of noise {unknown}
 f - a scroll of summoning {unknown}
 i - 2 scrolls of identify {unknown}
 j - a scroll of fear {unknown}
 m - a scroll of revelation {unknown}
 q - a scroll of teleportation {unknown}
 r - a scroll of acquirement {unknown}
Potions
 k - a potion of attraction {unknown}
 p - a potion of heal wounds {unknown}
 s - a potion of berserk rage {unknown}


   Skills:
 + Level 6.7 Fighting
 + Level 6.7 Short Blades
 + Level 1.5 Long Blades
 + Level 1.5 Axes
 + Level 1.5 Maces & Flails
 + Level 1.5 Polearms
 + Level 1.5 Staves
 + Level 1.5 Ranged Weapons
 + Level 1.5 Throwing
 + Level 4.8 Armour
 + Level 3.0 Dodging
 + Level 1.5 Stealth
 + Level 1.5 Shields
 + Level 1.5 Unarmed Combat
 + Level 1.5 Spellcasting
 + Level 1.2 Conjurations
 + Level 1.2 Hexes
 + Level 1.2 Summonings
 + Level 1.2 Necromancy
 + Level 1.2 Translocations
 + Level 1.2 Fire Magic
 + Level 1.2 Ice Magic
 + Level 1.2 Air Magic
 + Level 1.2 Earth Magic
 + Level 1.2 Alchemy
 + Level 1.7 Invocations
 + Level 1.5 Evocations
 + Level 1.3 Shapeshifting


You had 7 spell levels left.
You didn't know any spells.
Your spell library contained the following spells:

 Spells                   Type           Power      Damage    Failure   Level
 Lesser Beckoning         Tloc           10%        N/A       34%         2
 Static Discharge         Conj/Air       10%        3-4/arc   34%         2
 Gell's Gravitas          Tloc           5%         N/A       56%         3
 Teleport Other           Tloc           5%         N/A       56%         3
 Animate Dead             Necr           5%         N/A       92%         4
 Curse of Agony           Necr           5%         N/A       99%         5
 Conjure Ball Lightning   Conj/Air       2%         3x3d6     100%        6
 Chain Lightning          Conj/Air       2%         3d3       100%        9


Dungeon Overview and Level Annotations

Branches:
Dungeon (3/15)

Altars:
Xom


Innate Abilities, Weirdness & Mutations

You have very sharp teeth.
Your uncanny sense of smell can sniff out nearby items.
Your experience applies equally to all skills.
You are partially covered in iridescent scales. (AC +2)
You possess an exceptional clarity of mind.
Your body sometimes deteriorates upon taking damage.
You are frail. (-10% HP)
You are very vulnerable to cold. (rC--)


Message History

The gnoll seems less confused.
The gnoll hits you with a +4 flail of chaos.
You strike the helpless gnoll from behind!
You puncture the gnoll! You freeze the gnoll.
The gnoll is almost dead.
The gnoll is no longer blind.
You hit the gnoll. You burn the gnoll.
You kill the gnoll!
t - 4 atropa-tipped darts (gained 1)
Items here: )))) †.
You start resting.
HP restored.
t - 5 atropa-tipped darts (gained 1)
t - 6 atropa-tipped darts (gained 1)
An endoplasm comes into view.
The endoplasm freezes you.
You are frozen.
You feel a terrible chill!
Unknown command.
You hit the endoplasm but do no damage. Your bite misses the endoplasm.
The endoplasm hits you but does no damage.
You hit the endoplasm.
The endoplasm flies into a frenzy!
The endoplasm is moderately wounded.
The endoplasm misses you.
You hit the endoplasm. You freeze the endoplasm.
You kill the endoplasm!
Okay, then.
Items here: )))) †.
u - a +4 flail of chaos
There is a shimmering altar of Xom here.
Xom smiles on you. Something appears at your feet!
You see here Anaryz's Spellbook of Sinister Words and Air {god gift}.
You pick up Anaryz's Spellbook of Sinister Words and Air {god gift} and begin reading...
It was Anaryz's Spellbook of Sinister Words and Air {god gift}.
You add the spells Static Discharge, Animate Dead, Curse of Agony, Conjure Ball Lightning and Chain Lightning to your library.
Unknown command.
There are no items here.
A ball python comes into view.
The ball python moves out of view.
A gnoll comes into view.
It is wielding a +2 flail of protection.
The gnoll moves out of view.
The gnoll shouts!
You throw an atropa-tipped dart. The atropa-tipped dart hits the gnoll.
The gnoll appears confused.
The gnoll seems less confused.
You barely miss the gnoll.
A gnoll comes into view. It is wielding a +0 club.
The gnoll hits you with a +2 flail of protection!
A ribbon worm comes into view.
The gnoll shouts!
You hit the gnoll.
The gnoll is lightly wounded.
You hear a shout!
The gnoll hits you but does no damage.
You hit the gnoll but do no damage. Your bite misses the gnoll.
The gnoll is lightly wounded.
You catch the helpless gnoll completely off-guard!
You hit the gnoll. You freeze the gnoll.
The gnoll is heavily wounded.
The gnoll is no longer blind.
The gnoll hits you with a +2 flail of protection.
You hit the gnoll but do no damage.
The gnoll is poisoned.
The gnoll is heavily wounded.
The gnoll misses you.
Press: ? - help, v - describe, . - travel
Here: a gnoll, wielding a +0 club The floor.
You barely miss the gnoll.
The gnoll is heavily wounded.
You hit the gnoll but do no damage. Your bite misses the gnoll.
The gnoll is heavily wounded.
A gnoll comes into view. It is wielding a +0 whip.
The gnoll hits you with a +2 flail of protection.
You hit the gnoll but do no damage.
The gnoll is moderately wounded.
The gnoll hits you with a +2 flail of protection.
You barely miss the gnoll.
The gnoll is moderately wounded.
You hit the gnoll but do no damage.
The gnoll is moderately wounded.
The gnoll barely misses you.
You hit the gnoll but do no damage.
The gnoll is severely wounded.
The gnoll hits you with a +2 flail of protection!
You hit the gnoll.
You feel better.
The gnoll is severely wounded.
You hit the gnoll but do no damage.
The gnoll seems to grow stronger.
Xom is highly amused!
Your bite misses the gnoll.
The gnoll is severely wounded.
The gnoll hits you with a +2 flail of protection!
* * * LOW HITPOINT WARNING * * *
It was a potion of curing.
You feel better. The gnoll closely misses you.
A gnoll comes into view. It is wielding a +0 whip.
It was a potion of brilliance.
You feel clever all of a sudden.
Xom thinks this is hilarious!
The gnoll hits you with a +2 flail of protection!
You die...

∆#....#... #....
#....#..# #....
.##.#.#..# ∆.. #....
.....g...# ..####'#
.........## #........
##.##w...#####........
#g#...............
#g##..###.........
#@###.# #.........
###.##.###.###.........
#......................
........................
........................
.######'###########.....
.... #..... ..... #.....
..... ###..#


You could see a ribbon worm and 3 gnolls.

Vanquished Creatures
  A howler monkey (D:3)
  4 gnolls (D:3)
  An adder (D:2)
  A ribbon worm (D:2)
  3 dart slugs
  An orc (D:3)
  5 ball pythons
  A bat (D:2)
  7 endoplasms
  A giant cockroach (D:1)
  6 goblins
  4 hobgoblins
  5 jackals
  3 kobolds (D:2)
  4 quokkas
  2 frilled lizards
  5 rats
54 creatures vanquished.

Notes
Turn   | Place    | Note
-------+----------+-------------------------------------------
     0 | D:1      | edsrzf the Gnoll Chaos Knight began the quest for the Orb.
     0 | D:1      | Reached XP level 1. HP: 23/23 MP: 1/1
   198 | D:1      | XOM: silly message
   232 | D:1      | Reached XP level 2. HP: 28/29 MP: 2/2
   368 | D:1      | XOM: silly message
   610 | D:1      | Reached XP level 3. HP: 34/35 MP: 3/3
   723 | D:1      | XOM: give mutation
   723 | D:1      | Gained mutation: You have hidden genetic potential. [Xom's
                  | mischief]
   766 | D:2      | XOM: give mutations
   766 | D:2      | Gained mutation: You are frail. (-10% HP) [Xom's mischief]
   766 | D:2      | Gained mutation: You are vulnerable to cold. (rC-) [Xom's
                  | mischief]
   766 | D:2      | Gained mutation: You are very vulnerable to cold. (rC--)
                  | [Xom's mischief]
   766 | D:2      | Gained mutation: Your body sometimes deteriorates upon
                  | taking damage. [Xom's mischief]
   833 | D:2      | Reached skill level 1 in Invocations
   881 | D:2      | XOM: 6-stop teleportation journey
   891 | D:2      | Reached skill level 1 in Long Blades
   891 | D:2      | Reached skill level 1 in Axes
   891 | D:2      | Reached skill level 1 in Maces & Flails
   891 | D:2      | Reached skill level 1 in Polearms
   891 | D:2      | Reached skill level 1 in Staves
   891 | D:2      | Reached skill level 1 in Ranged Weapons
   891 | D:2      | Reached skill level 1 in Throwing
   891 | D:2      | Reached skill level 1 in Stealth
   891 | D:2      | Reached skill level 1 in Shields
   891 | D:2      | Reached skill level 1 in Unarmed Combat
   891 | D:2      | Reached skill level 1 in Spellcasting
   891 | D:2      | Reached skill level 1 in Evocations
  1073 | D:2      | Reached skill level 1 in Shapeshifting
  1073 | D:2      | Reached XP level 4. HP: 36/36 MP: 5/5
  1127 | D:2      | Gained mutation: You possess an exceptional clarity of
                  | mind. [hidden potential]
  1284 | D:3      | Reached skill level 1 in Conjurations
  1284 | D:3      | Reached skill level 1 in Hexes
  1284 | D:3      | Reached skill level 1 in Summonings
  1284 | D:3      | Reached skill level 1 in Necromancy
  1284 | D:3      | Reached skill level 1 in Translocations
  1284 | D:3      | Reached skill level 1 in Fire Magic
  1284 | D:3      | Reached skill level 1 in Ice Magic
  1284 | D:3      | Reached skill level 1 in Air Magic
  1284 | D:3      | Reached skill level 1 in Earth Magic
  1284 | D:3      | Reached skill level 1 in Alchemy
  1340 | D:3      | Noticed an ogre
  1383 | D:3      | XOM: potion effect (haste)
  1523 | D:3      | Reached XP level 5. HP: 28/42 MP: 7/7
  1528 | D:3      | Gained mutation: You are partially covered in iridescent
                  | scales. (AC +2) [hidden potential]
  1528 | D:3      | Lost mutation: You have hidden genetic potential. [hidden
                  | potential expressed]
  1530 | D:3      | XOM: chaos upgrade
  1531 | D:3      | XOM: scenery: create altars
  1536 | D:3      | Reached skill level 3 in Dodging
  1683 | D:3      | XOM: god gift: Anaryz's Spellbook of Sinister Words and Air
                  | {god gift}
  1684 | D:3      | Got Anaryz's Spellbook of Sinister Words and Air {god gift}
  1736 | D:3      | Identified a potion of curing
  1737 | D:3      | Identified a potion of brilliance
  1737 | D:3      | Slain by a gnoll

Illustrated notes

Levels and vault maps discovered:
D:1:      minmay_arrival_checkered_box, layout_basic
D:2:      layout_basic, nicolae_twisty_statue_hallways
D:3:      layout_basic, nicolae_shop_vocational

Skill      XL: |  1  2  3  4  5 |
---------------+----------------+-----
Invocations    | 1 |  1.7
Long Blades    | 1 |  1.5
Axes           | 1 |  1.5
Maces & Flails | 1 |  1.5
Polearms       | 1 |  1.5
Staves         | 1 |  1.5
Ranged Weapons | 1 |  1.5
Throwing       | 1 |  1.5
Stealth        | 1 |  1.5
Shields        | 1 |  1.5
Unarmed Combat | 1 |  1.5
Spellcasting   | 1 |  1.5
Evocations     | 1 |  1.5
Shapeshifting  | 1 |  1.3
Conjurations   | 1 |  1.2
Hexes          | 1 |  1.2
Summonings     | 1 |  1.2
Necromancy     | 1 |  1.2
Translocations | 1 |  1.2
Fire Magic     | 1 |  1.2
Ice Magic      | 1 |  1.2
Air Magic      | 1 |  1.2
Earth Magic    | 1 |  1.2
Alchemy        | 1 |  1.2
Dodging        | 3 |  3.0
Fighting       | |  6.7
Short Blades   | |  6.7
Armour         | |  4.8

Action                     |  1- 3 |  4- 6 || total
---------------------------+-------+-------++-------
  Melee: Short sword       |   108 |    90 ||   198
         Bite              |     6 |    11 ||    17
  Throw: Dart              |       |     4 ||     4
    Use: Potion            |       |     2 ||     2
   Stab: Confused          |     1 |       ||     1
         Sleeping          |     3 |       ||     3
         Petrified         |     1 |       ||     1
         Invisible         |       |     2 ||     2
 Armour: Leather armour    |    43 |    35 ||    78
  Dodge: Dodged            |    31 |    34 ||    65

Table legend: (Time is in decaauts)
 A = Elapsed time spent in this place.
 B = Non-inter-level travel time spent in this place.
 C = Inter-level travel time spent in this place.
 D = Time resting spent in this place.
 E = Time spent auto-exploring this place.
 F = Levels seen in this place.
 G = Mean time per level.
                   A        B        C        D        E       F      G
               +--------+--------+--------+--------+--------+-----+--------+
         Total |   1650 |   1599 |     51 |     93 |   1059 |   3 |  550.0 |
       Dungeon |   1650 |   1599 |     51 |     93 |   1059 |   3 |  550.0 |
               +--------+--------+--------+--------+--------+-----+--------+

Top non-repeatable levels by time:
     D:1: 714 daAuts
     D:2: 487 daAuts
     D:3: 448 daAuts
